 Dungeon Crawl Stone Soup version 0.31.0-9-g3a7656b989 (webtiles) character file.

Game seed: 13493859662250910606

1192 ces the Covert (level 8, -5/39 (40) HPs)
             Began as a Spriggan Hunter on Jan 24, 2024.
             Slain by a wyvern (14 damage)
             ... on level 7 of the Dungeon.
             The game lasted 00:17:46 (6417 turns).

ces the Covert (Spriggan Hunter)                    Turns: 6417, Time: 00:17:47

HP:   -5/39 (40)    AC:  4    Str: 12    XL:     8   Next: 20%
MP:   9/9           EV: 21    Int: 10    God:
Gold: 1401          SH:  0    Dex: 21    Spells: 7/7 levels left

rFire   . . .        a - +1 shortbow
rCold   . . .        (shield currently unavailable)
rNeg    . . .        o - +2 robe of Negligence {Str+5 SInv Stlth-}
rPois   .            (helmet restricted)
rElec   .            (no cloak)
rCorr   .            (gloves unavailable)
SInv    +            (boots unavailable)
Will    +....        (no amulet)
Stlth   ++++         (no ring)
HPRegen 0.26/turn    (no ring)
MPRegen 0.11/turn

%: no passive effects
@: attractive, lightly drained, very quick
A: very small, no large weapons, unfitting armour, see invisible, speed 3
a: no special abilities


You were on level 7 of the Dungeon.
You visited 2 branches of the dungeon, and saw 9 of its levels.

You collected 1401 gold pieces.

Inventory:

Hand Weapons
 a - a +1 shortbow (weapon)
 b - a +0 dagger
Armour
 c - a +1 robe
 o - the +2 robe of Negligence (worn) {Str+5 SInv Stlth-}
   (You found it on level 5 of the Dungeon)

   Str+5:     It affects your strength (+5).
   SInv:      It lets you see invisible.
   Stlth-:    It makes you less stealthy.
Scrolls
 i - 2 scrolls of fog
 k - a scroll of enchant weapon
Potions
 d - 4 potions of curing
 g - 2 potions of haste
 j - 2 potions of magic
 l - a potion of degeneration {unknown}
 n - a potion of resistance {unknown}
 p - a potion of cancellation {unknown}


   Skills:
 + Level 3.3 Fighting
 - Level 1.7 Short Blades
 * Level 6.3 Ranged Weapons
 + Level 5.4 Dodging
 + Level 10.1 Stealth


You had 7 spell levels left.
You didn't know any spells.
Your spell library contained the following spells:

 Spells                   Type           Power      Damage    Failure   Level
 Magic Dart               Conj           0%         1d3       36%         1
 Jinxbite                 Hex            0%         N/A       50%         2
 Searing Ray              Conj           0%         2d4       50%         2
 Frozen Ramparts          Ice            0%         1d1       75%         3
 Fulminant Prism          Conj/Alch      0%         3d5       98%         4
 Leda's Liquefaction      Alch/Erth      0%         N/A       98%         4
 Petrify                  Alch/Erth      0%         N/A       98%         4
 Metabolic Englaciation   Hex/Ice        0%         N/A       100%        5
 Yara's Violent Unravell  Hex/Alch       0%         3d3       100%        5
 Enfeeble                 Hex            0%         N/A       100%        7


Dungeon Overview and Level Annotations

Branches:
Dungeon (8/15)             Temple (1/1) D:5
   Lair: D:8-11

Altars:
Ashenzari
Cheibriados
Dithmenos
Fedhas
Kikubaaqudgha
Makhleb
Nemelex Xobeh
Okawaru
Sif Muna
Uskayaw
Vehumet
Wu Jian
Xom
Yredelemnul
Zin
The Shining One

Annotations:
D:4 Eustachio
D:6 Prince Ribbit


Innate Abilities, Weirdness & Mutations

You are very small and have problems with some larger weapons.
You are too small for most types of armour.
You have supernaturally acute eyesight. (SInv)
You cover ground extremely quickly. (Speed+++)


Message History

The bullfrog is attracted toward you. The centaur is attracted toward you.
The wyvern is attracted toward you. The bullfrog is attracted toward you.
You see here 8 gold pieces.
The bullfrog attacks as it pursues you! The bullfrog misses you.
The bullfrog is attracted toward you. The wyvern is attracted toward you.
There is an open door here.
The centaur wields a +0 shortbow of draining.
You sense an unholy aura.
The centaur shoots an arrow.
The arrow completely misses you. The centaur is attracted toward you.
The bullfrog is attracted toward you. The bullfrog attacks as it pursues you!
The bullfrog closely misses you. The centaur is attracted toward you.
The bullfrog is attracted toward you. The wyvern is attracted toward you.
The centaur is attracted toward you. The bullfrog is attracted toward you.
The wyvern is attracted toward you. The centaur is attracted toward you.
The bullfrog is attracted toward you. The wyvern is attracted toward you.
The bullfrog is attracted toward you. The centaur is attracted toward you.
The bullfrog is attracted toward you. The wyvern is attracted toward you.
The bullfrog attacks as it pursues you! The bullfrog closely misses you.
The wyvern is attracted toward you. The bullfrog is attracted toward you.
The wyvern is attracted toward you. The wyvern is attracted toward you.
The wyvern is attracted toward you.
There is a stone staircase leading up here.
The wyvern bites you!
* * * LOW HITPOINT WARNING * * *
The bullfrog completely misses you. The bullfrog is attracted toward you.
You climb upwards.
There is a stone staircase leading down here.
Okay, then.
The wyvern barely misses you. The bullfrog misses you.
The bullfrog barely misses you. The bullfrog attacks as it pursues you!
The bullfrog misses you. The wyvern attacks as it pursues you!
The wyvern bites you.
* * * LOW HITPOINT WARNING * * *
The wyvern attacks as it pursues you! The wyvern closely misses you.
The wyvern bites you!
You die...

#.#.......#########.#....
#.#.......##......#...###
#.#.......##........###
#.####...###.......## #.#
###.# #......##
#####.######.# #......#
#^.........#.# #......#
#..........#.##########
#...........@.?.....#####
#...)......#.k.####.....#####
#..........###F########.....#
############........# #####..
#........# ##... #........#
#.... #........#####....
#............%....
#>.......######...


You could see a wyvern and a bullfrog.

Vanquished Creatures
  A water moccasin (D:7)
  2 ice beasts
  An ogre (D:7)
  2 centaurs
  A phantom (D:5)
  2 bullfrogs
  A scorpion (D:5)
  A bombardier beetle (D:5)
  2 hounds
  A jelly (D:4)
  2 orc priests (D:3)
  3 iguanas
  An orc wizard (D:4)
  A shadow imp (D:7)
  3 white imps
  9 dart slugs
  A ribbon worm (D:3)
  8 orcs
  2 endoplasms
  5 giant cockroaches
  8 goblins
  9 hobgoblins
  2 kobolds (D:2)
  6 quokkas
  6 ball pythons
  7 bats
  3 frilled lizards
  3 rats
93 creatures vanquished.

Notes
Turn   | Place    | Note
-------+----------+-------------------------------------------
     0 | D:1      | ces the Spriggan Hunter began the quest for the Orb.
     0 | D:1      | Reached XP level 1. HP: 10/10 MP: 2/2
    79 | D:1      | Reached skill level 2 in Stealth
   346 | D:1      | Reached XP level 2. HP: 15/15 MP: 3/3
   514 | D:1      | Reached skill level 3 in Stealth
  1029 | D:2      | Reached XP level 3. HP: 18/18 MP: 4/4
  1314 | D:2      | Reached skill level 4 in Stealth
  1340 | D:2      | Reached skill level 1 in Short Blades
  2146 | D:3      | Reached skill level 5 in Stealth
  2146 | D:3      | Reached XP level 4. HP: 13/23 MP: 5/5
  2730 | D:3      | Reached skill level 6 in Stealth
  3378 | D:4      | Reached XP level 5. HP: 26/26 MP: 6/6
  3392 | D:4      | Noticed an ogre
  3581 | D:4      | Noticed Eustachio
  3588 | D:5      | Entered Level 5 of the Dungeon
  3610 | D:5      | Noticed a phantom
  3616 | D:5      | Killed a phantom
  3617 | D:5      | Reached skill level 7 in Stealth
  3617 | D:5      | Reached XP level 6. HP: 30/30 MP: 7/7
  3627 | D:5      | Found a broken altar of Ashenzari.
  3750 | D:5      | Noticed an ice beast
  3751 | D:5      | Found a burning altar of Makhleb.
  3772 | D:5      | Identified the +2 robe of Negligence {Str+5 SInv Stlth-}
  4448 | D:4      | Reached skill level 8 in Stealth
  4541 | D:5      | Reached skill level 5 in Ranged Weapons
  4747 | D:5      | Reached XP level 7. HP: 22/35 MP: 8/8
  4906 | D:5      | Reached skill level 9 in Stealth
  5032 | D:5      | Found a staircase to the Ecumenical Temple.
  5135 | Temple   | Entered the Ecumenical Temple
  5492 | D:6      | Noticed Prince Ribbit
  5776 | D:7      | Identified a scroll of acquirement
  5776 | D:7      | Acquired 1023 gold pieces
  6066 | D:7      | Reached skill level 5 in Dodging
  6066 | D:7      | Reached XP level 8. HP: 37/40 MP: 9/9
  6194 | D:7      | Reached skill level 10 in Stealth
  6417 | D:7      | Slain by a wyvern

Illustrated notes

Levels and vault maps discovered:
D:1:      co_arrival_square_in_a_square_in_a_square, layout_loops_ring,
          chequers_decorated_corner
D:2:      layout_basic
D:3:      layout_basic, chequers_serial_rivers_small_a, uniq_crazy_yiuf_cottage
D:4:      layout_loops_ring, uniq_eustachio
D:5:      layout_loops_cross, cheibrodos_ashenzari_chains,
          mainiacjoe_overflow_small_starburst, minmay_temple_entry_trees,
          minmay_diced_spiral
D:6:      layout_cave_pods, lemuel_round_altar, elyvilon_altar_1,
          chequers_garden, st_stairs_3, water_maze_lemuel, uniq_prince_ribbit1
D:7:      layout_rooms
D:8:      layout_basic, minitemple, jmf_multi_god_temple
Temple:   jpeg_temple_clearing

Skill      XL: |  1  2  3  4  5  6  7  8 |
---------------+-------------------------+-----
Stealth        | 2 3 5 6 7 8 9 10 | 10.1
Dodging        | 3 5 |  5.4
Short Blades   | 1 |  1.7
Ranged Weapons | 5 6 |  6.3
Fighting       | 2 3 |  3.3

Action                     |  1- 3 |  4- 6 |  7- 9 || total
---------------------------+-------+-------+-------++-------
  Melee: Dagger            |    22 |    18 |    11 ||    51
   Fire: Shortbow          |    79 |   111 |    64 ||   254
    Use: Scroll            |     2 |     5 |     7 ||    14
         Potion            |       |     1 |     2 ||     3
   Stab: Sleeping          |     6 |     8 |     3 ||    17
 Armour: Robe              |    12 |    19 |    23 ||    54
         Skin              |       |     1 |       ||     1
  Dodge: Dodged            |    35 |    45 |    76 ||   156
